 Dungeon Crawl Stone Soup version 0.21.1-1-g345015f (webtiles) character file.

251997 letownia2 the Phalangite (level 19, -2/155 HPs)
             Began as a Merfolk Wizard on Mar 11, 2018.
             Was the Champion of Cheibriados.
             Slain by a balrug
             ... wielding a +0 demon whip
             ... summoned by a deep elf demonologist
              (10 damage)
             ... on level 5 of the Vaults.
             The game lasted 02:13:30 (15883 turns).

letownia2 the Phalangite (Merfolk Wizard)          Turns: 15883, Time: 02:13:31

Health: -2/155     AC: 24    Str: 31    XL:     19   Next: 67%
Magic:  0/10       EV: 27    Int: 35    God:    Cheibriados [******]
Gold:   1787       SH:  0    Dex: 34    Spells: 7/32 levels left

rFire    + . .     SeeInvis .   b - +9 bardiche (antimagic)
rCold    . . .     Gourm    .   (shield currently unavailable)
rNeg     + . .     Faith    +   y - +1 plate armour {MR+}
rPois    .         Spirit   .   W - +0 helmet of Hysteria {rN+ Dex+4 Stlth+}
rElec    .         Reflect  .   (no cloak)
rCorr    .         Harm     .   A - +1 pair of gloves
MR       ++...                  T - +2 pair of boots
Stlth    ..........             G - amulet of faith
HPRegen  0.75/turn              u - +6 ring of strength
MPRegen  0.12/turn              S - ring of protection from fire

@: very slow
A: change form in water, swift swim, stealthy swim, yellow scales 2, blink,
mutation resistance 1, regeneration 1
}: 2/15 runes: decaying, gossamer
a: Blink, Bend Time, Temporal Distortion, Slouch, Step From Time, Renounce
Religion


You were on level 5 of the Vaults.
You worshipped Cheibriados.
Cheibriados was exalted by your worship.
You were not hungry.

You visited 7 branches of the dungeon, and saw 35 of its levels.
You visited the Abyss 1 time.
You also visited: Labyrinth, Ossuary and Wizlab.

You collected 2503 gold pieces.
You spent 716 gold pieces at shops.

Inventory:

Hand Weapons
 a - a +1 glaive of flaming
 b - a +9 antimagic bardiche (weapon)
 d - a +2 glaive of chopping
Missiles
 f - 6 poisoned javelins (quivered)
Armour
 o - the +5 ring mail "Seskergh" {+Inv +Fly rElec}
   (You found it on level 3 of the Spider Nest)

   It insulates you from electricity.
   It lets you turn invisible.
   It lets you fly.
 v - the +1 scale mail of the Butterfly {rPois SInv}
   (You found it on level 6 of the Lair of Beasts)

   It protects you from poison.
   It lets you see invisible.
 y - a +1 plate armour of magic resistance (worn)
 A - a +1 pair of gloves (worn)
 C - a +2 chain mail of positive energy
 H - +0 ice dragon scales
 L - a +1 plate armour of fire resistance
 T - a +2 pair of boots (worn)
 W - the +0 helmet of Hysteria (worn) {rN+ Dex+4 Stlth+}
   (You found it on level 6 of the Lair of Beasts)

   It affects your dexterity (+4).
   It protects you from negative energy.
   It makes you more stealthy.
Jewellery
 u - a +6 ring of strength (left hand)
 z - an uncursed ring of resist corrosion
 G - an amulet of faith (around neck)
 M - an uncursed ring of wizardry
 S - a ring of protection from fire (right hand)
 U - an uncursed ring of protection from magic
Wands
 p - a wand of digging (22)
 t - a wand of acid (4)
 x - a wand of polymorph (6)
 B - a wand of flame (69)
 P - a wand of disintegration (19)
 Y - a wand of paralysis (17)
Scrolls
 e - 13 scrolls of remove curse
 g - 2 scrolls of brand weapon
 l - 3 scrolls of identify
 m - 9 scrolls of teleportation
 r - 2 scrolls of fear
 w - 6 scrolls of enchant armour
 K - 2 scrolls of blinking
 N - 2 scrolls of torment
 O - a scroll of enchant weapon
 Z - 4 scrolls of magic mapping
Potions
 c - 3 potions of cancellation
 h - 6 potions of curing
 i - a potion of agility
 j - a potion of brilliance
 k - a potion of berserk rage
 q - 4 potions of flight
 s - 2 potions of heal wounds
 D - 3 potions of haste
 I - 3 potions of ambrosia
 R - 4 potions of mutation
 V - 2 potions of degeneration {unknown}
Books
 n - a book of Conjurations

   Spells                             Type                      Level
   a - Magic Dart                     Conjuration                  1
   b - Searing Ray                    Conjuration                  2
   c - Dazzling Spray                 Conjuration/Hexes            3
   d - Fulminant Prism                Conjuration/Hexes            4
   e - Force Lance                    Conjuration/Translocation    4
   f - Iskenderun's Mystic Blast      Conjuration                  4
Miscellaneous
 E - a lightning rod (4/4)
 J - a phantom mirror
 X - a phial of floods
Comestibles
 F - 24 rations


   Skills:
 * Level 15.0 Fighting
 - Level 26.5 Polearms
 - Level 2.0 Throwing
 - Level 8.0 Armour
 - Level 17.8 Dodging
 - Level 2.1 Stealth
 - Level 7.3 Spellcasting
 - Level 3.0 Conjurations
 - Level 3.0 Hexes
 + Level 6.2 Charms
 - Level 2.2 Summonings
 - Level 3.2 Necromancy
 - Level 2.2 Translocations
 - Level 7.2 Transmutations
 - Level 1.8 Fire Magic
 - Level 3.4 Air Magic
 - Level 3.1 Poison Magic
 - Level 8.3 Invocations
 - Level 3.3 Evocations


You had 7 spell levels left.
You knew the following spells:

 Your Spells              Type           Power        Failure   Level  Hunger
a - Magic Dart            Conj           ####         7%          1    None
b - Blink                 Tloc           N/A          16%         2    None
c - Conjure Flame         Conj/Fire      ####....     26%         3    None
d - Call Imp              Summ           ####....     14%         2    None
e - Mephitic Cloud        Conj/Pois/Air  #####...     19%         3    None
g - Regeneration          Chrm/Necr      #####.....   11%         3    None
i - Irradiate             Conj/Tmut      #####.....   63%         5    ####...
k - Animate Skeleton      Necr           N/A          6%          1    None
s - Silence               Hex/Air        #####.....   87%         5    ####...


Dungeon Overview and Level Annotations

Branches:
Dungeon (13/15)            Temple (1/1) D:4            Lair (6/6) D:10
  Swamp (4/4) Lair:4       Spider (4/4) Lair:3          Orc (2/2) D:10
    Elf (0/3) Orc:2        Vaults (5/5) D:13
  Slime: Lair:5-6     Crypt: Vaults:2-3

Altars:
Ashenzari
Cheibriados
Elyvilon
Fedhas
Okawaru
Qazlal
Ru
Sif Muna
Trog
Yredelemnul
Zin
Beogh

Shops:
D:8 [   Orc:2 :(*}?([[%   Vaults:4 (

Portals:
Pandemonium: Orc:2


Innate Abilities, Weirdness & Mutations

You revert to your normal form in water.
You are very nimble and swift while swimming.
You are very stealthy in the water. (Stealth+)
You are mostly covered in yellow scales. (AC +3)
You can translocate small distances at will.
You are somewhat resistant to further mutation.
Your natural rate of healing is unusually fast.


Message History

Press: ? - help, Dir - move target cursor, f/p - deep elf demonologist
Aim: a deep elf demonologist, wielding a long sword (severely wounded)
The Hell Sentinel is in the way.
You hit the Hell Sentinel but do no damage.
The Hell Sentinel is moderately wounded.
The blizzard demon hits you! The blizzard demon hits you.
* * * LOW HITPOINT WARNING * * *
The titan hits you!!
* * * LOW HITPOINT WARNING * * *
Unknown command.
Unknown command.
Unknown command.
You feel much better.
The Hell Sentinel hits you but does no damage. x2
The titan hits you!!
* * * LOW HITPOINT WARNING * * *
The balrug hits you with a demon whip!
* * * LOW HITPOINT WARNING * * *
You are engulfed in flames!
You resist.
You die...

.# #....# ....#
#....# .(.(.
#....# #
.....##....# .#.
..(..#(...#...#
...(..(......#
#####..[([...###
......2(<<......
......2@C.<.....
.....pC1<<(.....
.......e........
#####..^.....###
...........
.#O#....#....
....#....#....
##.#.#....# ..


You could see a Hell Sentinel, 2 titans, a balrug, a blizzard demon, a deep elf
demonologist, a vault sentinel and an ogre.

Vanquished Creatures
  An ancient lich (WizLab)
  2 tentacled monstrosities
  An ancient champion (WizLab)
  A tentacled starspawn (Abyss:2)
  A tengu reaver (Vaults:5)
  2 fire giants
  5 vault wardens
  2 iron dragons
  4 ghost moths (Spider:4)
  A frost giant (Vaults:4)
  6 emperor scorpions
  5 ironheart preservers
  4 entropy weavers
  2 stone giants
  2 war gargoyles (Vaults:5)
  6 very ugly things
  A deep elf annihilator (Vaults:3)
  A spark wasp (Spider:2)
  A minotaur (Lab)
  6 yaktaur captains
  A deep elf high priest (Vaults:5)
  2 ice dragons
  2 fire dragons (Vaults:4)
  A great orb of eyes (Vaults:1)
  12 hydras
  23 vault guards (Vaults:4)
  The ghost of Phong the Summoner, a journeyman MfSu of Ashenzari (D:12)
  3 ogre magi
  A death knight (Vaults:4)
  2 centaur warriors
  13 two-headed ogres
  3 alligators (Swamp:4)
  A deep troll shaman (Vaults:3)
  9 dancing weapons
  4 deep elf knights
  3 orc high priests (Orc:2)
  Urug (D:11)
  A sun demon (Orc:2)
  A wretched star (Abyss:2)
  A shadow wraith (Vaults:4)
  8 skeletal warriors (WizLab)
  2 gelid demonspawn (Orc:2)
  A sixfirhy (Orc:2)
  7 swamp dragons
  12 deep trolls
  2 spriggan druids (Swamp:4)
  A glowing orange brain (shapeshifter) (Vaults:4)
  An infernal demonspawn (Orc:2)
  A glowing orange brain (Vaults:4)
  2 deep elf archers (Vaults:3)
  A flayed ghost (Vaults:4)
  3 lindwurms (Swamp:4)
  3 ironbrand convokers
  13 orc sorcerers
  16 wolf spiders
  13 orc knights
  19 orb spiders
  Pikel (D:4)
  6 deep elf magi
  9 ugly things
  A moth of wrath (Spider:2)
  4 cyclopes
  A worldbinder (Abyss:2)
  A black mamba (Lair:5)
  A centaur zombie (D:13)
  9 vault sentinels
  11 elephants
  2 smoke demons
  A rust devil (Orc:2)
  2 orange demons
  16 yaktaurs
  9 spiny frogs
  3 rime drakes
  2 komodo dragons
  7 demonic crawlers
  4 freezing wraiths
  An ancient zyme (Abyss:2)
  A troll (Orc:2)
  2 tengu conjurers (D:13)
  A polar bear (shapeshifter) (Vaults:1)
  6 polar bears (Lair:6)
  A wind drake (shapeshifter) (Vaults:3)
  2 tyrant leeches
  30 jumping spiders
  Grinder (D:4)
  3 meliai (Spider:2)
  14 hornets
  16 blink frogs
  2 dream sheep (Lair:6)
  A bog body (Swamp:2)
  7 slime creatures
  3 hippogriffs
  A flying skull (Abyss:2)
  79 redbacks
  34 tarantellas
  7 wyverns
  2 shadows (D:13)
  15 spriggans
  2 ynoxinuls (Orc:2)
  4 hogs (D:9)
  33 yaks
  4 vampires (WizLab)
  A yak (shapeshifter) (Vaults:4)
  4 wraiths
  A human (D:9)
  2 hungry ghosts
  A steam dragon (D:10)
  A chaos spawn (Abyss:2)
  2 neqoxecs (Abyss:2)
  2 wargs (Orc:1)
  Edmund (D:5)
  5 insubstantial wisps (Swamp:4)
  6 two-headed ogre zombies (WizLab)
  5 water moccasins
  6 swamp worms
  6 porcupines
  3 sky beasts
  10 swamp drakes
  3 ice beasts
  47 orc warriors
  4 slaves (D:4)
  A black bear (shapeshifter) (Vaults:4)
  3 black bears
  A necrophage (D:8)
  20 ogres
  3 phantoms
  5 boggarts (Lair:6)
  A tengu (shapeshifter) (Vaults:4)
  32 wolves
  7 centaurs
  A big kobold (D:8)
  12 crocodiles
  An elf zombie (Ossuary)
  11 bullfrogs
  2 gnoll sergeants
  A scorpion (D:9)
  8 killer bees
  10 troll zombies
  9 wights
  A vampire bat (D:8)
  4 crimson imps
  3 jellies
  A quasit (D:8)
  A bullfrog zombie (D:11)
  3 human zombies (Ossuary)
  29 orc priests
  A gnoll shaman (D:5)
  2 hounds
  A bullfrog skeleton (D:11)
  3 centaur skeletons
  An iguana (D:11)
  11 orc wizards
  6 worker ants
  9 ogre zombies
  3 hound zombies
  A hound skeleton (D:8)
  3 mummies (Ossuary)
  A worker ant zombie (D:11)
  14 gnolls
  4 adders
  4 shadow imps
  3 adder zombies
  A dart slug (D:1)
  A leopard gecko (D:5)
  106 orcs
  A ball python (D:1)
  A giant cockroach (D:1)
  A goblin (D:3)
  5 hobgoblins
  10 jackals
  4 quokkas
  9 bats
  3 frilled lizards
  2 gnoll zombies (Ossuary)
  2 goblin skeletons (D:10)
  6 goblin zombies
  6 hobgoblin zombies
  5 jackal zombies (Ossuary)
  2 kobolds (D:8)
  2 kobold zombies (Ossuary)
  3 orc skeletons (D:10)
  13 orc zombies (D:10)
  6 quokka zombies (Ossuary)
  4 rats
  3 rat zombies (Ossuary)
  A fungus (Lair:3)
  A starspawn tentacle (Abyss:2)
1151 creatures vanquished.

Vanquished Creatures (collateral kills)
  A vault warden (Vaults:4)
  A ghost moth (Spider:4)
  A jumping spider (Spider:2)
  A bullfrog skeleton (D:4)
  An adder (D:4)
  A dart slug (D:3)
  A frilled lizard (D:4)
  A rat (D:3)
8 creatures vanquished.

Vanquished Creatures (others)
  A thorn hunter (Swamp:4)
  A vault guard (Vaults:5)
  A deep troll earth mage (Vaults:3)
  A vault sentinel (Vaults:1)
  A fungus (Lair:2)
  2 plants
  2 starspawn tentacles (Abyss:2)
9 creatures vanquished.

Grand Total: 1168 creatures vanquished

Notes
Turn   | Place    | Note
-------+----------+-------------------------------------------
     0 | D:1      | letownia2 the Merfolk Wizard began the quest for the Orb.
     0 | D:1      | Reached XP level 1. HP: 13/13 MP: 4/4
    95 | D:1      | Reached skill level 1 in Conjurations
   150 | D:1      | Reached XP level 2. HP: 16/19 MP: 3/6
   215 | D:2      | Learned a level 2 spell: Call Imp
   463 | D:4      | Reached XP level 3. HP: 20/24 MP: 1/7
   470 | D:4      | Learned a level 3 spell: Mephitic Cloud
   512 | D:4      | Got a slimy spear
   513 | D:4      | Identified the +9 spear of Focus {pierce, Str+2} (You found it on level 4 of the Dungeon)
   536 | D:4      | Found a sand-covered staircase.
   560 | D:4      | Found a staircase to the Ecumenical Temple.
   573 | D:4      | Reached skill level 1 in Poison Magic
   573 | D:4      | Reached XP level 4. HP: 30/30 MP: 4/8
   578 | D:4      | Reached skill level 1 in Polearms
   583 | D:4      | Noticed a slave
   604 | D:4      | Killed a slave
   615 | D:4      | Noticed a slave
   623 | D:4      | Noticed Pikel
   627 | Temple   | Entered the Ecumenical Temple
   643 | Temple   | Learned a level 3 spell: Conjure Flame
   643 | Temple   | Became a worshipper of Cheibriados the Contemplative
   654 | D:4      | Noticed a slave
   659 | D:4      | Noticed a slave
   666 | D:4      | Noticed Grinder
   666 | D:4      | Killed a slave
   703 | D:4      | Reached skill level 1 in Air Magic
   708 | Ossuary  | Entered an ossuary
   747 | Ossuary  | Reached skill level 2 in Polearms
   747 | Ossuary  | Reached XP level 5. HP: 26/35 MP: 2/9
   757 | Ossuary  | Reached skill level 3 in Polearms
   757 | Ossuary  | Reached skill level 1 in Fire Magic
   776 | Ossuary  | Reached XP level 6. HP: 18/41 MP: 3/10
   794 | Ossuary  | Reached skill level 4 in Polearms
   855 | Ossuary  | Reached skill level 5 in Polearms
   892 | Ossuary  | Reached * piety under Cheibriados
   972 | D:4      | Learned a level 2 spell: Blink
   985 | D:4      | Reached skill level 1 in Translocations
   985 | D:4      | Reached XP level 7. HP: 47/47 MP: 7/11
   995 | D:4      | Killed Grinder
   995 | D:4      | Reached skill level 1 in Fighting
   995 | D:4      | Reached skill level 6 in Polearms
  1085 | D:4      | Killed Pikel
  1085 | D:4      | Reached skill level 1 in Armour
  1085 | D:4      | Reached XP level 8. HP: 56/56 MP: 4/13
  1146 | D:5      | Entered Level 5 of the Dungeon
  1146 | D:5      | Noticed Edmund
  1154 | D:5      | Killed Edmund
  1181 | D:5      | Gained mutation: You tend to lose your temper in combat. [potion of mutation]
  1181 | D:5      | Gained mutation: You are dopey. (Int -2) [potion of mutation]
  1181 | D:5      | Gained mutation: You can translocate small distances at will. [potion of mutation]
  1204 | D:5      | Reached ** piety under Cheibriados
  1217 | D:5      | Lost mutation: You tend to lose your temper in combat. [potion of mutation]
  1217 | D:5      | Lost mutation: You are dopey. (Int -2) [potion of mutation]
  1217 | D:5      | Gained mutation: You are weak. (Str -2) [potion of mutation]
  1217 | D:5      | Gained mutation: Your natural rate of healing is unusually fast. [potion of mutation]
  1217 | D:5      | Gained mutation: You are partially covered in yellow scales. (AC +2) [potion of mutation]
  1217 | D:5      | Gained mutation: You have a pair of small horns on your head. [potion of mutation]
  1271 | D:6      | Reached skill level 7 in Polearms
  1271 | D:6      | Reached skill level 1 in Invocations
  1346 | D:6      | Reached XP level 9. HP: 49/62 MP: 7/15
  1360 | D:6      | Reached skill level 8 in Polearms
  1572 | D:8      | Reached skill level 9 in Polearms
  1601 | D:7      | Reached skill level 10 in Polearms
  1610 | D:7      | Reached *** piety under Cheibriados
  1611 | D:7      | Reached skill level 11 in Polearms
  1665 | D:8      | Reached skill level 12 in Polearms
  1693 | D:8      | Noticed a two-headed ogre
  1702 | D:8      | Killed a two-headed ogre
  1702 | D:8      | Reached skill level 13 in Polearms
  1702 | D:8      | Reached XP level 10. HP: 63/68 MP: 10/17
  1808 | D:8      | Found Raonalem's Armour Emporium.
  1836 | D:8      | Reached skill level 14 in Polearms
  1850 | D:8      | Reached **** piety under Cheibriados
  1881 | D:8      | Found a glowing silver altar of Zin.
  1968 | D:10     | Entered Level 10 of the Dungeon
  2020 | D:9      | Noticed a two-headed ogre
  2030 | D:9      | Killed a two-headed ogre
  2030 | D:9      | Reached skill level 5 in Dodging
  2030 | D:9      | Reached skill level 5 in Invocations
  2137 | D:9      | Found a roughly hewn altar of Beogh.
  2139 | D:9      | Reached ***** piety under Cheibriados
  2600 | D:9      | Reached XP level 11. HP: 74/74 MP: 16/18
  2749 | D:10     | Found a blossoming altar of Fedhas.
  2850 | D:10     | Found a staircase to the Orcish Mines.
  2935 | Orc:1    | Entered Level 1 of the Orcish Mines
  2935 | Orc:1    | Noticed an orc sorcerer
  2944 | Orc:1    | Noticed an orc knight
  2944 | Orc:1    | Killed an orc sorcerer
  3044 | D:10     | Reached ****** piety under Cheibriados
  3165 | D:11     | Learned a level 1 spell: Animate Skeleton
  3167 | D:11     | Noticed a seven-headed hydra
  3175 | D:11     | Killed a seven-headed hydra
  3238 | D:11     | Got a crystal flail {chaos}
  3239 | D:11     | Identified the +4 flail of the Neverending Coins {chaos, rN+} (You took it off an orc wizard on level 11 of the Dungeon)
  3313 | D:11     | Reached skill level 5 in Fighting
  3527 | D:11     | Noticed a two-headed ogre
  3534 | D:11     | Killed a two-headed ogre
  3644 | D:11     | Noticed Urug
  3660 | D:11     | Killed Urug
  3978 | Orc:1    | Killed an orc knight
  3978 | Orc:1    | Reached XP level 12. HP: 95/95 MP: 11/19
  4065 | Orc:2    | Entered Level 2 of the Orcish Mines
  4078 | Orc:2    | Noticed a two-headed ogre
  4086 | Orc:2    | Killed a two-headed ogre
  4086 | Orc:2    | Reached skill level 10 in Fighting
  4132 | Orc:2    | Found Rokkis's Armour Boutique.
  4146 | Orc:2    | Found a labyrinth entrance.
  4147 | Orc:2    | Found Eqybre's Food Shop.
  4155 | Lab      | Entered a labyrinth
  4413 | Lab      | Noticed a minotaur
  4426 | Lab      | Killed a minotaur
  4426 | Lab      | Reached skill level 5 in Spellcasting
  4977 | Orc:2    | Found Jilizog's Magic Scroll Emporium.
  5048 | Orc:2    | Found Enanim's General Store.
  5111 | Orc:2    | Reached skill level 5 in Armour
  5137 | Orc:2    | Paralysed by an orc sorcerer for 7 turns
  5146 | Orc:2    | Reached XP level 13. HP: 51/103 MP: 10/24
  5146 | Orc:2    | Reached skill level 10 in Dodging
  5234 | Orc:2    | Found Asek's Book Emporium.
  5269 | Orc:2    | Found a staircase to the Elven Halls.
  5341 | Orc:2    | Reached skill level 15 in Polearms
  5572 | Orc:2    | Reached skill level 16 in Polearms
  5616 | Orc:2    | Found Ytidweun's Gadget Boutique.
  5616 | Orc:2    | Found Mijaj's Antique Weapon Shop.
  5616 | Orc:2    | Found a one-way gate leading to the halls of Pandemonium.
  5649 | Orc:2    | Bought 3 scrolls of teleportation for 144 gold pieces
  5703 | Orc:2    | Bought a book of Necromancy for 420 gold pieces
  5707 | Orc:2    | Learned a level 3 spell: Regeneration
  5781 | Orc:2    | Found Kotruone's Antique Weapon Boutique.
  5795 | Orc:2    | Found Tutiukee's Armour Emporium.
  5843 | Orc:2    | Bought a scroll of teleportation for 48 gold pieces
  5843 | Orc:2    | Bought a scroll of magic mapping for 56 gold pieces
  5843 | Orc:2    | Bought a scroll of teleportation for 48 gold pieces
  6385 | D:12     | Found a deep blue altar of Sif Muna.
  6385 | D:12     | Noticed Phong's ghost (journeyman MfSu)
  6398 | D:12     | Killed Phong's ghost
  6398 | D:12     | Reached skill level 1 in Charms
  6784 | D:10     | Reached skill level 1 in Necromancy
  6831 | D:10     | Found a staircase to the Lair.
  6858 | Lair:1   | Entered Level 1 of the Lair of Beasts
  7140 | Lair:3   | Reached XP level 14. HP: 110/110 MP: 25/25
  7312 | Lair:4   | Found a staircase to the Swamp.
  7355 | Lair:3   | Reached skill level 17 in Polearms
  7449 | Lair:6   | Entered Level 6 of the Lair of Beasts
  7560 | Lair:6   | Reached skill level 5 in Charms
  7750 | Lair:6   | Got a polished scale mail
  7751 | Lair:6   | Got a jewelled helmet
  7766 | Lair:6   | Identified the +1 scale mail of the Butterfly {rPois SInv} (You found it on level 6 of the Lair of Beasts)
  8060 | Lair:4   | Learned a level 5 spell: Silence
  8061 | Swamp:1  | Entered Level 1 of the Swamp
  8200 | Swamp:2  | Reached skill level 18 in Polearms
  8256 | Swamp:4  | Entered Level 4 of the Swamp
  8256 | Swamp:4  | Noticed a thorn hunter
  8265 | Swamp:4  | Killed a thorn hunter
  8372 | Swamp:4  | Reached skill level 19 in Polearms
  8405 | Swamp:4  | Reached XP level 15. HP: 76/117 MP: 23/26
  8523 | Swamp:4  | Reached skill level 20 in Polearms
  8583 | Swamp:4  | Reached skill level 1 in Evocations
  8596 | Swamp:4  | Reached skill level 1 in Hexes
  8680 | Swamp:4  | Got a decaying rune of Zot
  9011 | Lair:2   | Learned a level 5 spell: Irradiate
  9162 | Lair:3   | Found a hole to the Spider Nest.
  9193 | Spider:1 | Entered Level 1 of the Spider Nest
  9240 | Spider:1 | Identified the +0 helmet of Hysteria {rN+ Dex+4 Stlth+} (You found it on level 6 of the Lair of Beasts)
  9264 | Spider:1 | Noticed an emperor scorpion
  9288 | Spider:1 | Killed an emperor scorpion
  9288 | Spider:1 | Reached skill level 1 in Transmutations
  9818 | Spider:3 | Reached XP level 16. HP: 125/125 MP: 21/27
  9835 | Spider:3 | Reached skill level 5 in Transmutations
  9922 | Spider:4 | Entered Level 4 of the Spider Nest
  9996 | Spider:4 | Reached skill level 15 in Dodging
 10430 | Spider:4 | Identified a scroll of acquirement
 10665 | Spider:4 | Reached skill level 1 in Throwing
 10939 | Spider:4 | Reached skill level 21 in Polearms
 11228 | Spider:4 | Got a gossamer rune of Zot
 11319 | Spider:3 | Reached XP level 17. HP: 134/134 MP: 28/28
 11379 | Spider:3 | Found a runed door.
 11428 | Spider:3 | Reached skill level 22 in Polearms
 11529 | Spider:3 | Identified the +4 ring mail of Bapnisme {rPois Str+4 Int-5} (You found it on level 3 of the Spider Nest)
 11538 | Spider:3 | Got a distressingly furry ring mail
 11549 | Spider:3 | Identified the +5 ring mail "Seskergh" {+Inv +Fly rElec} (You found it on level 3 of the Spider Nest)
 12233 | D:13     | Found a gate to the Vaults.
 12240 | D:13     | Reached skill level 23 in Polearms
 12260 | Vaults:1 | Entered Level 1 of the Vaults
 12429 | D:13     | HP: 3/134 [entropy weaver (7)]
 12698 | Vaults:1 | Got a flickering emerald amulet
 12699 | Vaults:1 | Identified the amulet "Imumoul" {Inacc rElec Str+2 Int+7 Dex-5} (You found it on level 1 of the Vaults)
 12786 | Vaults:1 | Reached skill level 24 in Polearms
 13065 | Vaults:1 | Lost mutation: You have a pair of small horns on your head. [potion of mutation]
 13065 | Vaults:1 | Lost mutation: You are weak. (Str -2) [potion of mutation]
 13065 | Vaults:1 | Gained mutation: You are mostly covered in yellow scales. (AC +3) [potion of mutation]
 13065 | Vaults:1 | Gained mutation: You are somewhat resistant to further mutation. [potion of mutation]
 13268 | Vaults:3 | Reached skill level 25 in Polearms
 13275 | Vaults:3 | Reached XP level 18. HP: 66/141 MP: 12/29
 13319 | Vaults:3 | Found a magical portal.
 13408 | WizLab   | Entered Zonguldrok's Shrine
 13590 | WizLab   | Reached skill level 26 in Polearms
 13685 | WizLab   | Noticed an antique lich
 13700 | WizLab   | Killed an antique lich
 13703 | WizLab   | Found the +9 sword of Zonguldrok {reap}
 13809 | Vaults:3 | Found a basalt altar of Yredelemnul.
 14476 | Vaults:4 | Found Oneikh's Weapon Boutique.
 14701 | Vaults:4 | Noticed a tentacled monstrosity
 14710 | Vaults:4 | Killed a tentacled monstrosity
 14774 | Vaults:4 | Reached XP level 19. HP: 135/151 MP: 1/30
 15008 | Vaults:5 | Entered Level 5 of the Vaults
 15499 | Vaults:5 | Noticed a tentacled monstrosity
 15525 | Vaults:5 | Killed a tentacled monstrosity
 15688 | Vaults:5 | Cast into level 2 of the Abyss (a deep elf demonologist)
 15688 | Abyss:2  | Found a corrupted altar of Lugonu.
 15868 | Vaults:5 | Escaped the Abyss
 15874 | Vaults:5 | Noticed a Hell Sentinel
 15876 | Vaults:5 | Reached skill level 15 in Fighting
 15883 | Vaults:5 | Slain by a balrug

Skill      XL: |  1  2  3  4  5  6  7  8  9 10 11 12 13 14 15 16 17 18 19 |
---------------+----------------------------------------------------------+-----
Conjurations   | 1 2 3 |  3.0
Summonings     | 2 |  2.2
Poison Magic   | 1 2 3 |  3.1
Polearms       | 2 3 5 6 7 13 14 16 19 20 21 25 26 | 26.5
Air Magic      | 1 2 3 |  3.4
Fire Magic     | 1 |  1.8
Translocations | 1 2 |  2.2
Fighting       | 2 9 10 11 12 13 15 | 15.0
Armour         | 1 2 5 6 8 |  8.0
Spellcasting   | 4 7 |  7.3
Invocations    | 2 3 6 8 |  8.3
Dodging        | 7 9 13 14 15 17 | 17.8
Charms         | 2 5 6 |  6.2
Necromancy     | 2 3 |  3.2
Evocations     | 3 |  3.3
Hexes          | 3 |  3.0
Transmutations | 4 7 |  7.2
Throwing       | 2 |  2.0
Stealth        | |  2.1

Action                   |  1- 3 |  4- 6 |  7- 9 | 10-12 | 13-15 | 16-18 | 19-21 || total
-------------------------+-------+-------+-------+-------+-------+-------+-------++-------
Melee: Short sword       |    29 |       |       |       |       |       |       ||    29
       Spear             |     3 |   116 |   144 |   745 |   400 |       |       ||  1408
       Headbutt          |       |       |    10 |   171 |   319 |   241 |       ||   741
       Glaive            |       |       |       |     3 |   628 |   966 |    54 ||  1651
       Tailslap          |       |       |       |       |    32 |    24 |       ||    56
       Bardiche          |       |       |       |       |       |   318 |   194 ||   512
Throw: Javelin           |       |       |       |     2 |     7 |     7 |       ||    16
 Cast: Magic Dart        |    20 |       |       |       |     3 |       |       ||    23
       Call Imp          |     4 |     1 |       |       |       |       |       ||     5
       Mephitic Cloud    |     1 |     1 |     8 |    36 |    55 |    78 |     6 ||   185
       Conjure Flame     |       |     6 |     9 |    21 |    29 |    22 |       ||    87
       Blink             |       |       |     8 |    11 |     8 |    18 |     3 ||    48
       Regeneration      |       |       |       |       |    39 |    45 |    14 ||    98
Invok: Slouch            |       |       |       |     3 |     7 |     8 |     2 ||    20
Evoke: Wand              |       |       |       |     9 |    13 |    23 |       ||    45
       Sack of spiders   |       |       |       |       |     2 |       |       ||     2
       Phial of floods   |       |       |       |       |       |     1 |       ||     1
  Use: Scroll            |       |     3 |     1 |     7 |    17 |    17 |     1 ||    46
       Potion            |       |       |     4 |       |     2 |     2 |     1 ||     9
 Stab: Sleeping          |     2 |     3 |     2 |    10 |     2 |       |       ||    19
       Confused          |       |     2 |     3 |    45 |    59 |    59 |     4 ||   172
       Distracted        |       |       |       |     1 |     1 |     2 |       ||     4
  Eat: Chunk             |       |       |     3 |     7 |    13 |    10 |     3 ||    36
       Ration            |       |       |     1 |       |       |     1 |       ||     2
Armor: Robe              |     2 |    10 |     2 |       |       |       |       ||    14
       Ring mail         |       |       |    26 |    30 |       |       |       ||    56
       Plate armour      |       |       |       |    64 |   100 |   191 |    51 ||   406
       Scale mail        |       |       |       |       |    13 |   124 |       ||   137
       Swamp dragon scal |       |       |       |       |    53 |     7 |       ||    60
       Ice dragon scales |       |       |       |       |       |       |    16 ||    16
Dodge: Dodged            |    29 |    44 |    65 |   308 |   695 |  1135 |   192 ||  2468
